 Dungeon Crawl Stone Soup version 0.20-a0-148-gb6cfb21 (webtiles) character file.

1240 wazuzu the Fighter (level 8, 0/78 HPs)
             Began as a Hill Orc Fighter on Nov 21, 2016.
             Killed from afar by an orc wizard (8 damage)
             ... with a magic dart
             ... on level 4 of the Dungeon.
             The game lasted 00:14:21 (5270 turns).

wazuzu the Fighter (Hill Orc Fighter)               Turns: 5270, Time: 00:14:23

Health: 0/78       AC: 14    Str: 21    XL:     8   Next: 49%
Magic:  8/8        EV:  7    Int: 13    God:
Gold:   289        SH:  0    Dex: 10    Spells: 7/7 levels left

rFire  . . .     SeeInvis .     a - +0 flail
rCold  + . .     Gourm    .     r - +3 chain mail {rC+}
rNeg   . . .     Faith    .     (no shield)
rPois  .         Spirit   .     (no helmet)
rElec  .         Reflect  .     p - +0 cloak
rCorr  .         Harm     .     y - +0 pair of gloves
MR     .....                    (no boots)
Stlth  ..........               (no amulet)
                                F - +5 ring of intelligence
                                g - ring of flight

@: no status effects
A: no striking features
a: Evoke Flight


You were on level 4 of the Dungeon.
You were not hungry.

You visited 1 branch of the dungeon, and saw 5 of its levels.

You collected 289 gold pieces.

Inventory:

Hand Weapons
 a - a +0 flail (weapon)
 b - a +2 hunting sling of velocity
Missiles
 h - 89 stones (quivered)
Armour
 c - a +0 shield
 p - a +0 cloak (worn)
 r - a +3 chain mail of cold resistance (worn)
 y - a +0 pair of gloves (worn)
Jewellery
 g - a ring of flight (left hand)
 F - a +5 ring of intelligence (right hand)
Wands
 q - a wand of digging (9/24)
 w - a wand of teleportation (5/9)
Scrolls
 d - a scroll of remove curse
 i - a scroll of noise {unknown}
 m - a scroll of teleportation {unknown}
 s - a scroll of magic mapping
 t - a scroll of fog {unknown}
 A - a scroll of enchant armour {unknown}
 C - a scroll of enchant weapon {unknown}
 E - a scroll of amnesia {unknown}
Potions
 e - 2 potions of curing
 l - 2 potions of agility
 n - a potion of mutation {unknown}
 u - 2 potions of magic
 v - a potion of flight {unknown}
 x - 3 potions of might
 z - a potion of cure mutation {unknown}
 G - a potion of degeneration {unknown}
Books
 B - a book of Cantrips

   Spells                             Type                      Level
   a - Confusing Touch                Hexes                        1
   b - Animate Skeleton               Necromancy                   1
   c - Summon Small Mammal            Summoning                    1
   d - Apportation                    Translocation                1
Comestibles
 f - 3 bread rations
 k - 2 meat rations
 o - 3 beef jerkies


   Skills:
 + Level 9.2 Fighting
 - Level 7.9 Maces & Flails
 - Level 3.2 Armour
 - Level 3.2 Shields


You had 7 spell levels left.
You didn't know any spells.

Dungeon Overview and Level Annotations

Branches:
Dungeon (5/15)
 Temple: D:4-7

Altars:
Ashenzari
Fedhas
Trog
Uskayaw
Xom

Annotations:
D:5 1 runed door, Menkaure


Message History

The orc wizard casts a spell.
The orc wizard blinks!
Menkaure gestures wildly while chanting.
Menkaure mumbles some strange words.
Menkaure calls on the powers of darkness!
The orc wizard convulses!
The iguana convulses!
Your body is wracked with pain!
* * * LOW HITPOINT WARNING * * *
The orc wizard mumbles some strange words.
The orc wizard blinks!
The orc wizard mumbles some strange words.
The orc wizard blinks!
There is a stone staircase leading up here.
The orc wizard barely misses you. The iguana bites you.
* * * LOW HITPOINT WARNING * * *
You climb upwards.
There is a stone staircase leading down here.
The orc wizard hits you but does no damage.
The orc wizard casts a spell at you. The magic dart hits you!
You die...

## .# .# .# ##### .# #...# .#
#...# .# #...# #####
.#########...###############...#
.......).'....o.@............#.#
.........#....l###############.#
.........#.....# #.........#.#
.........#.....# #.#######.#.#
...#######.....# #.# #.#.# ...#
###...#####.# #...# ...#####
#.........# ##### .......##
#.....###### ...###..#
#.......<..#


You could see an iguana and an orc wizard.

Vanquished Creatures
  Sigmund (D:3)
  A black bear (D:5)
  2 ice beasts
  2 ogres (D:5)
  2 crimson imps (D:5)
  3 orc priests
  2 hounds
  A jelly (D:5)
  2 bullfrog skeletons (D:5)
  Ijyb (D:2)
  An iguana (D:4)
  A worker ant (D:5)
  A worker ant zombie (D:5)
  A gnoll (D:1)
  6 adders
  2 shadow imps (D:5)
  6 oozes (D:1)
  6 worms
  A dart slug (D:1)
  4 leopard geckos
  13 orcs
  8 bats
  8 giant cockroaches
  7 goblins
  9 hobgoblins
  20 jackals
  2 quokkas
  6 frilled lizards
  5 kobolds
  A quokka zombie (D:5)
  10 rats
  2 bushes (D:2)
  A plant (D:2)
138 creatures vanquished.

Notes
Turn   | Place    | Note
-------+----------+-------------------------------------------
     0 | D:1      | wazuzu the Hill Orc Fighter began the quest for the Orb.
     0 | D:1      | Reached XP level 1. HP: 19/19 MP: 1/1
     6 | D:1      | Found a runed door.
    26 | D:1      | Reached XP level 2. HP: 25/26 MP: 2/2
    51 | D:1      | Reached XP level 3. HP: 26/31 MP: 3/3
   593 | D:1      | Reached XP level 4. HP: 38/39 MP: 4/4
  1060 | D:2      | Reached skill level 5 in Maces & Flails
  1343 | D:2      | Found a hide-covered altar of Uskayaw.
  1493 | D:2      | Noticed Ijyb
  1503 | D:2      | Reached XP level 5. HP: 44/45 MP: 5/5
  1513 | D:2      | Killed Ijyb
  1563 | D:2      | Found a blossoming altar of Fedhas.
  1564 | D:2      | Found a shattered altar of Ashenzari.
  1624 | D:2      | Found a shimmering altar of Xom.
  1625 | D:2      | Found a shimmering altar of Xom.
  1625 | D:2      | Found a shimmering altar of Xom.
  1625 | D:2      | Found a shimmering altar of Xom.
  1625 | D:2      | Found a shimmering altar of Xom.
  1625 | D:2      | Found a shimmering altar of Xom.
  1626 | D:2      | Found a shimmering altar of Xom.
  2201 | D:3      | Noticed Sigmund
  2497 | D:3      | Killed Sigmund
  2497 | D:3      | Reached XP level 6. HP: 23/51 MP: 6/6
  3040 | D:3      | Found a bloodstained altar of Trog.
  3780 | D:4      | Reached XP level 7. HP: 57/58 MP: 7/7
  3792 | D:4      | Reached skill level 4 in Fighting
  4115 | D:5      | Entered Level 5 of the Dungeon
  4192 | D:4      | Reached skill level 5 in Fighting
  4490 | D:5      | Reached skill level 6 in Fighting
  4592 | D:5      | Got an ichor-stained hand axe
  4601 | D:5      | Identified the cursed +0 hand axe of Blind Justice {freeze, rC+ Int+5 Dex+3} (You found it on level 5 of the Dungeon)
  4636 | D:5      | Reached skill level 7 in Fighting
  4636 | D:5      | Reached XP level 8. HP: 71/73 MP: 8/8
  4719 | D:5      | Found a runed door.
  4842 | D:5      | Reached skill level 8 in Fighting
  5056 | D:5      | Found a shimmering altar of Xom.
  5204 | D:5      | Reached skill level 9 in Fighting
  5230 | D:5      | Noticed Menkaure
  5270 | D:4      | Killed from afar by an orc wizard

Vault maps used:
D:1:      dpeg_arrival_caged_fury
D:2:      gammafunk_temple_overflow_statue, overflow_temple_1_default,
          serial_forest, infiniplex_forest_clump_small,
          infiniplex_forest_clump_long, infiniplex_forest_corner_1,
          infiniplex_forest_straight_3, infiniplex_forest_clump_medium,
          infiniplex_forest_lined_room_2, infiniplex_forest_clump_small,
          infiniplex_forest_straight_4, grunt_ministairs_8,
          minmay_misc_feat_alley, xom_redecorated, uniq_iyjb
D:3:      nicolae_overflow_hidden_temple, first_bread, minivault_5, uniq_sigmund
D:5:      overflow_temple_1_default, uniq_crazy_yiuf_cottage, uniq_menkaure

Skill      XL: |  1  2  3  4  5  6  7  8 |
---------------+-------------------------+-----
Maces & Flails | 3 4 5 7 |  7.9
Fighting       | 7 9 |  9.2
Armour         | |  3.2
Shields        | |  3.2

Action                   |  1- 3 |  4- 6 |  7- 9 || total
-------------------------+-------+-------+-------++-------
Melee: Flail             |   111 |   223 |     4 ||   338
 Fire: Hunting sling     |       |   187 |   182 ||   369
  Use: Potion            |       |     1 |     1 ||     2
       Scroll            |       |       |     8 ||     8
  Eat: Chunk             |       |    10 |     4 ||    14
Armor: Scale mail        |    76 |    14 |       ||    90
       Chain mail        |       |   106 |   111 ||   217
Dodge: Dodged            |    64 |    63 |    55 ||   182
